 Dungeon Crawl Stone Soup version 0.31-a0-620-gd1cbd99268 (webtiles) character file.

Game seed: 7389376498473940056

8732 tilp the Covert (level 11, -1/84 HPs)
             Began as a Vampire Enchanter on Aug 23, 2023.
             Was an Elder of Wu Jian.
             Slain by a yak (13 damage)
             ... on level 10 of the Dungeon.
             The game lasted 00:17:59 (10868 turns).

tilp the Covert (Vampire Enchanter)                Turns: 10868, Time: 00:18:00

Health: -1/84      AC:  7    Str:  7    XL:     11   Next: 13%
Magic:  2/19       EV: 13    Int: 22    God:    Wu Jian [****..]
Gold:   327        SH:  4    Dex: 15    Spells: 10/21 levels left

rFire   . . .        a - +3 dagger (venom)
rCold   . . .        M - +0 buckler
rNeg    . . .        l - +0 robe
rPois   +            L - +2 hat
rElec   .            C - +0 cloak {Will+}
rCorr   .            G - +0 pair of gloves
SInv    +            t - +0 pair of boots
Will    ++...        (no amulet)
Stlth   +++++        s - ring of poison resistance
HPRegen 0.54/turn    (no ring)
MPRegen 0.16/turn

%: no passive effects
@: about to teleport, healing quickly
A: alive, fangs 3, see invisible, vampiric 2
a: Exsanguinate, Renounce Religion, Wall Jump, Serpent's Lash


You were on level 10 of the Dungeon.
You worshipped Wu Jian.
Wu Jian was greatly pleased with you.
You visited 1 branch of the dungeon, and saw 10 of its levels.
You also visited: Sewer.

You collected 501 gold pieces.
You spent 174 gold pieces at shops.

Inventory:

Hand Weapons
 a - a +3 dagger of venom (weapon)
 b - a +1 dagger of speed
 I - a +4 short sword
Missiles
 n - a curare-tipped dart
 q - 6 atropa-tipped darts
 w - 2 boomerangs
 x - 41 poisoned darts (quivered)
 J - a throwing net
Armour
 l - a +0 robe (worn)
 t - a +0 pair of boots (worn)
 C - a +0 cloak of willpower (worn)
 G - a +0 pair of gloves (worn)
 L - a +2 hat (worn)
 M - a +0 buckler (worn)
Magical Staves
 v - a staff of conjuration
Jewellery
 s - a ring of poison resistance (left hand)
 H - an amulet of faith
Wands
 e - a wand of polymorph (2)
 m - a wand of flame (29)
 D - a wand of quicksilver (13)
 F - a wand of roots (3)
 K - a wand of digging (5)
Scrolls
 p - a scroll of fog
 r - 4 scrolls of teleportation
 y - 3 scrolls of enchant weapon
 B - a scroll of immolation
 E - a scroll of revelation
Potions
 c - 4 potions of invisibility
 d - 4 potions of enlightenment
 f - 3 potions of attraction
 g - a potion of haste {unknown}
 h - 5 potions of lignification
 i - 2 potions of magic {unknown}
 j - 3 potions of berserk rage {unknown}
 k - 4 potions of heal wounds
 o - 2 potions of might
 u - 2 potions of curing {unknown}
 z - 3 potions of degeneration {unknown}
 A - a potion of cancellation {unknown}
 N - 2 potions of brilliance {unknown}


   Skills:
 * Level 7.1 Fighting
 - Level 10.0 Short Blades
 + Level 5.2 Dodging
 + Level 10.9 Stealth
 + Level 5.7 Spellcasting
 - Level 2.0 Conjurations
 * Level 10.2 Hexes
 - Level 2.0 Ice Magic
 + Level 2.3 Evocations


You had 10 spell levels left.
You knew the following spells:

 Your Spells              Type           Power      Damage    Failure   Level
a - Ensorcelled Hibernat  Hex/Ice        66%        N/A       1%          2
b - Confusing Touch       Hex            51%        N/A       1%          3
c - Tukima's Dance        Hex            51%        N/A       1%          3
d - Dazzling Flash        Conj/Hex       66%        N/A       3%          3

Your spell library contained the following spells:

 Spells                   Type           Power      Damage    Failure   Level
 Kiss of Death            Conj/Necr      40%        2d8       11%         1
 Apportation              Tloc           12%        N/A       16%         1
 Sandblast                Erth           12%        2d6       16%         1
 Static Discharge         Conj/Air       20%        2-3/arc   16%         2
 Anguish                  Hex/Necr       14%        N/A       19%         4
 Ozocubu's Armour         Ice            15%        N/A       21%         3
 Passwall                 Tmut/Erth      5%         N/A       24%         2
 Stone Arrow              Conj/Erth      20%        3d8       30%         3
 Swiftness                Air            6%         N/A       43%         3
 Dispel Undead            Necr           6%         3d8       83%         4
 Alistair's Intoxication  Tmut/Pois      4%         N/A       99%         5
 Conjure Ball Lightning   Conj/Air       5%         3x3d6     100%        6
 Ozocubu's Refrigeration  Ice            7%         4d9       100%        7


Dungeon Overview and Level Annotations

Branches:
Dungeon (10/15)            Temple (0/1) D:6            Lair (0/5) D:10
  Sewer (visited)
    Orc: D:9-12

Altars:
Fedhas
Hepliaklqana
Kikubaaqudgha
Okawaru
Qazlal
Ru
Sif Muna
Uskayaw
Vehumet
Wu Jian

Shops:
D:5 (:   D:6 ?


Innate Abilities, Weirdness & Mutations

Your natural rate of healing is accelerated.
You have razor-sharp teeth.
You have supernaturally acute eyesight. (SInv)
You are afflicted with vampirism and can become a bat while bloodless.


Message History

You hit the yak.
The yak is poisoned.
The yak is lightly wounded.
You closely miss the yak. The yak gores you.
* * * LOW HITPOINT WARNING * * *
The yak closely misses you.
Unknown command.
You hit the yak.
The yak is lightly wounded.
Unknown command.
As you read the scroll of teleportation, it crumbles to dust.
You feel strangely unstable. You block the yak's attack.
The yak gores you but does no damage.
Unknown command.
Unknown command.
Casting: Ensorcelled Hibernation (safe; 1% risk of failure)
Confirm with . or Enter, or press ? or * to list all spells.
You don't have enough magic to cast this spell.
Unknown command.
Unknown command.
You puncture the yak!
The yak looks as sick as possible!
Your bite misses the yak.
The yak is moderately wounded.
The yak gores you.
* * * LOW HITPOINT WARNING * * *
The yak barely misses you.
Unknown command.
You hit the yak but do no damage.
The yak looks as sick as possible!
You bite the yak.
The yak is heavily wounded.
The yak gores you!
* * * LOW HITPOINT WARNING * * *
Unknown command.
You hit the yak.
The yak is poisoned.
The yak is lightly wounded.
The yak looks more healthy.
The yak misses you.
Unknown command.
You puncture the yak!
The yak is severely wounded.
The yak closely misses you. The yak gores you!
You die...

###...............PP....
#....!.........P....PP.P
##.....#......#...PP.....
#.....##............PP.P.
#..................P.P..P
#..≈≈≈≈≈≈.≈≈.....P[....P.
#..≈.)[YY..≈.........).[.
#..≈.≈≈≈≈≈.≈...####..PPP)
#..≈.≈..@≈.≈..## #......
#..≈.≈.YY§.≈..# ######.
#..≈.≈...≈.≈..# ##
#..≈[≈.≈≈≈.≈..# #
#..≈.).....≈..#
#..≈≈≈≈≈≈≈≈≈..#
#............##
#....######### ######


You could see 4 yaks.

Vanquished Creatures
  A two-headed ogre (D:10)
  3 komodo dragons (D:10)
  A troll (D:7)
  A hornet (D:10)
  Grinder (D:5)
  5 slime creatures (D:9)
  2 yaks (D:10)
  4 wyverns
  2 vampire mosquitoes (D:9)
  An acid dragon (D:10)
  4 water moccasins
  2 ice beasts
  4 black bears
  2 orc warriors
  4 sky beasts
  2 ogres
  7 kobold brigands
  2 bullfrogs (D:10)
  A gnoll sergeant (D:9)
  Blork the orc (D:5)
  4 wights
  17 killer bees
  2 howler monkeys
  3 jellies
  5 orc priests
  A gnoll bouda (D:6)
  4 hounds
  2 sleepcaps
  3 iguanas
  9 orc wizards
  13 gnolls
  7 adders
  3 river rats (Sewer)
  2 white imps
  3 ufetubi
  3 worms
  5 dart slugs
  29 orcs
  7 ball pythons
  4 bats
  3 endoplasms
  5 giant cockroaches
  5 goblins
  7 hobgoblins
  A jackal (Sewer)
  34 kobolds
  6 quokkas
  7 frilled lizards
  9 rats
253 creatures vanquished.

Vanquished Creatures (collateral kills)
  4 wights
  An orc wizard (D:7)
5 creatures vanquished.

Vanquished Creatures (others)
  2 dancing weapons
2 creatures vanquished.

Grand Total: 260 creatures vanquished

Notes
Turn   | Place    | Note
-------+----------+-------------------------------------------
     0 | D:1      | tilp the Vampire Enchanter began the quest for the Orb.
     0 | D:1      | Reached XP level 1. HP: 13/13 MP: 3/3
   224 | D:1      | Reached XP level 2. HP: 20/20 MP: 5/5
   227 | D:1      | Learned a level 2 spell: Ensorcelled Hibernation
   636 | D:1      | Found a faded altar of an unknown god.
   898 | D:2      | Reached skill level 1 in Fighting
   898 | D:2      | Gained mutation: You are afflicted with vampirism and can
                  | become a bat while bloodless. [Vampire growth]
   898 | D:2      | Reached XP level 3. HP: 26/26 MP: 6/6
   902 | D:2      | Learned a level 3 spell: Confusing Touch
  1845 | D:3      | Reached skill level 5 in Stealth
  2035 | D:3      | Reached XP level 4. HP: 30/32 MP: 2/7
  2774 | D:4      | Got the Secrets of the Cumulonimbus
  2825 | D:4      | Noticed a black bear
  2832 | D:4      | Killed a black bear
  2833 | D:4      | Reached skill level 5 in Hexes
  2833 | D:4      | Reached XP level 5. HP: 36/38 MP: 5/8
  2844 | D:4      | Learned a level 3 spell: Tukima's Dance
  3145 | D:5      | Entered Level 5 of the Dungeon
  3145 | D:5      | Noticed an ogre
  3227 | D:5      | Reached XP level 6. HP: 44/44 MP: 5/10
  3542 | D:5      | Noticed a +0 bardiche
  3651 | D:5      | Noticed a +0 quick blade
  3652 | D:5      | Found Xudany's Weapon Emporium.
  3663 | D:5      | Noticed Blork the orc
  3667 | D:5      | Killed Blork the orc
  3668 | D:5      | Reached XP level 7. HP: 52/52 MP: 11/11
  3679 | D:5      | Noticed Grinder
  3694 | D:5      | Paralysed by Grinder for 5 turns
  3728 | D:5      | Found a hide-covered altar of Uskayaw.
  3729 | D:5      | Killed Grinder
  3832 | D:5      | Found an ornate altar of the Wu Jian Council.
  3888 | D:5      | Found Urasiar's Self-Published Books.
  4027 | D:5      | Found a blossoming altar of Fedhas.
  4180 | D:5      | Became a worshipper of the Wu Jian Council
  4412 | D:6      | Found Ejuqarphe's Magic Scroll Shop.
  4479 | D:6      | Reached skill level 5 in Short Blades
  4529 | D:6      | Found a staircase to the Ecumenical Temple.
  4628 | D:6      | Found a glowing drain.
  4633 | Sewer    | Entered a sewer
  4688 | Sewer    | Reached XP level 8. HP: 60/60 MP: 6/13
  4694 | Sewer    | Learned a level 3 spell: Dazzling Flash
  4861 | Sewer    | Reached * piety under Wu Jian
  5990 | D:6      | Bought a scroll of identify for 24 gold pieces
  5990 | D:6      | Bought a scroll of noise for 12 gold pieces
  5990 | D:6      | Bought a scroll of revelation for 90 gold pieces
  6015 | D:6      | Reached skill level 5 in Fighting
  6358 | D:6      | Reached XP level 9. HP: 58/68 MP: 10/15
  6612 | D:6      | Bought a scroll of fog for 48 gold pieces
  6939 | D:7      | Noticed a troll
  6943 | D:7      | Killed a troll
  7347 | D:8      | Found a hazy altar of Hepliaklqana.
  7360 | D:8      | Reached ** piety under Wu Jian
  7541 | D:8      | Reached skill level 5 in Spellcasting
  7784 | D:8      | Reached skill level 10 in Stealth
  8514 | D:9      | Reached XP level 10. HP: 71/74 MP: 14/17
  8546 | D:9      | Reached skill level 10 in Short Blades
  8780 | D:9      | Found a sacrificial altar of Ru.
  8992 | D:9      | Reached skill level 1 in Ice Magic
  9007 | D:9      | Reached skill level 1 in Conjurations
  9023 | D:9      | Reached *** piety under Wu Jian
  9143 | D:9      | Found a shimmering blue altar of Sif Muna.
  9150 | D:9      | Found an ancient bone altar of Kikubaaqudgha.
  9157 | D:9      | Found a radiant altar of Vehumet.
  9331 | D:9      | Reached skill level 1 in Evocations
  9434 | D:9      | Found an iron altar of Okawaru.
  9942 | D:10     | Entered Level 10 of the Dungeon
 10234 | D:10     | Noticed a two-headed ogre
 10256 | D:10     | Killed a two-headed ogre
 10370 | D:10     | Reached skill level 5 in Dodging
 10370 | D:10     | Reached XP level 11. HP: 83/83 MP: 10/19
 10381 | D:10     | Reached skill level 10 in Hexes
 10388 | D:10     | Reached **** piety under Wu Jian
 10528 | D:10     | Found a staircase to the Lair.
 10816 | D:10     | Found a stormy altar of Qazlal.
 10868 | D:10     | Slain by a yak

Illustrated notes

Levels and vault maps discovered:
D:1:      dpeg_arrival_simpleton_b, layout_basic, ebering_ecumenical_altar_box
D:2:      layout_loops_corners
D:3:      layout_basic
D:4:      layout_basic
D:5:      layout_loops_ring, kennysheep_little_box, minitemple, serial_shops,
          nicolae_shop_mannequins, nicolae_custom_books, uniq_blork_the_orc,
          uniq_grinder
D:6:      layout_basic, minmay_temple_entry_antechambers, portal_sewer_entry_e,
          serial_shops, nicolae_shop_peninsula,
          eino_small_chamber_without_monster
D:7:      layout_loops_cross
D:8:      layout_gridville, mainiacjoe_overflow_catwalk
D:9:      layout_loops_corners, palyth_temple_overflow_mages,
          okawaru_metal_pillars_1_2, nicolae_ru_path_of_blood
D:10:     layout_cave_pools, mainiacjoe_overflow_concentric_impassable,
          due_lair_maze_entry_diamond, grunt_decor_mini_mirrors

Skill      XL: |  1  2  3  4  5  6  7  8  9 10 11 |
---------------+----------------------------------+-----
Fighting       | 1 2 3 5 6 7 |  7.1
Short Blades   | 2 3 4 5 6 9 10 | 10.0
Stealth        | 5 6 7 8 10 | 10.9
Dodging        | 3 4 5 |  5.2
Hexes          | 5 6 7 8 9 10 | 10.2
Spellcasting   | 3 4 5 |  5.7
Ice Magic      | 2 |  2.0
Conjurations   | 2 |  2.0
Evocations     | 2 |  2.3

Action                     |  1- 3 |  4- 6 |  7- 9 | 10-12 || total
---------------------------+-------+-------+-------+-------++-------
  Melee: Dagger            |   134 |   109 |   321 |   188 ||   752
         Bite              |    13 |    11 |    38 |    17 ||    79
         Punch             |     2 |     2 |     4 |     1 ||     9
  Throw: Stone             |     4 |       |       |       ||     4
   Cast: Ensorcelled Hiber |     6 |    11 |    53 |    41 ||   111
         Confusing Touch   |       |     2 |     9 |     4 ||    15
         Tukima's Dance    |       |     1 |     5 |     9 ||    15
         Dazzling Flash    |       |       |     3 |     5 ||     8
Ability: Lunge             |       |       |    31 |    22 ||    53
         Whirlwind         |       |       |     4 |     4 ||     8
    Use: Scroll            |     3 |     3 |     9 |     2 ||    17
         Potion            |       |       |     1 |     1 ||     2
   Stab: Sleeping          |    10 |    17 |    52 |    29 ||   108
         Distracted        |     1 |       |     1 |     1 ||     3
         Confused          |       |     1 |     6 |     4 ||    11
         Invisible         |       |       |     4 |     4 ||     8
 Armour: Robe              |    29 |    14 |    41 |    27 ||   111
  Dodge: Dodged            |    74 |    70 |   174 |    87 ||   405
  Block: Buckler           |       |       |       |     9 ||     9

Table legend: (Time is in decaauts)
 A = Elapsed time spent in this place.
 B = Non-inter-level travel time spent in this place.
 C = Inter-level travel time spent in this place.
 D = Time resting spent in this place.
 E = Time spent auto-exploring this place.
 F = Levels seen in this place.
 G = Mean time per level.
                   A        B        C        D        E       F      G
               +--------+--------+--------+--------+--------+-----+--------+
         Total |  10840 |  10011 |    829 |    535 |   7470 |  11 |  985.5 |
       Dungeon |  10012 |   9183 |    829 |    499 |   6866 |  10 | 1001.2 |
         Sewer |    827 |    827 |      0 |     36 |    603 |   1 |  827.0 |
               +--------+--------+--------+--------+--------+-----+--------+

Top non-repeatable levels by time:
     D:9: 1548 daAuts
     D:6: 1517 daAuts
     D:8: 1227 daAuts
     D:2: 1143 daAuts
     D:5: 1010 daAuts
   Sewer: 827 daAuts
     D:1: 795 daAuts
     D:3: 725 daAuts
     D:4: 702 daAuts
    D:10: 676 daAuts
     D:7: 665 daAuts
